AoeStats
← CHIUSON

Black Forest

507834244Analyzed
4v4 RM · 11d ago on Sep 19, 2026· 30m 2s· 8 players
Game mode
Random Map
Map size
Large (8 player)
Population
200
Speed
Normal
Resources
Standard
Victory
Conquest
Starting age
Dark Age
Ending age
Imperial Age
RankedLock teamsTeams togetherTeam positionsShared explorationLock speedFull tech treeHidden civsTurbo modeCheats
Victory
Defeat
🇸🇦 Britons · Saudi Arabia
1156
+12
🇨🇦 Romans · Canada
1131
+13
🇲🇽 Saracens · Mexico
1127
+13
🇭🇰 Portuguese · Hong Kong SAR China
962
+19
🇦🇷 Hindustanis · Argentina
1110
-17
🇩🇪 Franks · Germany
1071
-15
🇧🇷 Khmer · Brazil
1048
-14
🇷🇺 Bohemians · Russia
983
-11
comebackfred
0:45 Loom
8:30 Loom
10:08 Loom
13:05 Feudal Age
11:48 Loom
13:41 Double-Bit Axe
14:53 Wheelbarrow
17:32 Castle Age
19:02 Hand Cart
19:50 Bow Saw
19:46 Gold Mining
27:15 Gold Shaft Mining
29:45 Husbandry
Level
10:49 Feudal Age
12:25 Loom
15:19 Castle Age
13:44 Double-Bit Axe
14:24 Fishing Lines
17:57 Bow Saw
20:53 Forging
23:07 Husbandry
23:34 Horse Collar
24:51 Heavy Plow
26:02 Bloodlines
28:31 Wheelbarrow
31:50 Imperial Age
30:16 Hand Cart
29:54 Gold Mining
29:55 Stone Mining
TT
0:32 Loom
20:27 Feudal Age
21:14 Town Watch
24:19 Castle Age
22:38 Double-Bit Axe
Rostiwka
0:36 Loom
10:39 Feudal Age
22:31 Castle Age
22:50 Man-at-Arms
23:37 Long Swordsman
24:46 Padded Archer Armor
Tlacaelel.MX
1:33 Loom
2:13 Loom
12:23 Feudal Age
17:46 Castle Age
16:50 Double-Bit Axe
18:50 Bow Saw
20:45 Man-at-Arms
22:26 Wheelbarrow
23:49 Town Watch
25:34 Fishing Lines
25:37 Long Swordsman
26:21 Gambesons
27:23 Squires
27:36 Pikeman
29:52 Arson
Frak
0:42 Loom
11:43 Feudal Age
12:15 Man-at-Arms
14:40 Wheelbarrow
17:03 Double-Bit Axe
24:43 Castle Age
23:08 Scale Mail Armor
23:26 Fletching
24:44 Forging
24:27 Horse Collar
25:31 Squires
26:04 Padded Archer Armor
26:29 Fishing Lines
27:40 Leather Archer Armor
29:12 Heavy Plow
29:01 Long Swordsman
3Zoo_77
1:13 Loom
17:18 Feudal Age
26:30 Castle Age
25:48 Fishing Lines
26:16 Double-Bit Axe
CHIUSON
2:09 Loom
13:53 Feudal Age
14:54 Double-Bit Axe
22:42 Castle Age
22:58 Horse Collar
26:46 Fletching
28:19 Wheelbarrow
28:10 Bodkin Arrow
29:46 Heavy Plow
30:10 Bow Saw
Connection lost

Rejoining the realm…

Still unreachable

The connection could not be restored.

Session expired

The server has moved on; the page needs a fresh start.